 Dungeon Crawl Stone Soup version 0.20.1-1-g8b1a95d (webtiles) character file.

58 Inarius the Chiller (level 3, -3/26 HPs)
             Began as a Demigod Ice Elementalist on Dec 27, 2017.
             Slain by Sigmund
             ... wielding a +7 vampiric scythe
              (13 damage)
             ... on level 2 of the Dungeon.
             The game lasted 00:06:32 (1285 turns).

Inarius the Chiller (Demigod Ice Elementalist)      Turns: 1285, Time: 00:06:32

Health: -3/26      AC:  8    Str: 11    XL:     3   Next: 52%
Magic:  6/8        EV: 12    Int: 21    God:
Gold:   81         SH:  0    Dex: 16    Spells: 2/6 levels left

rFire    . . .     SeeInvis .   n - +2 long sword (slice)
rCold    . . .     Gourm    .   (no shield)
rNeg     . . .     Faith    .   j - +0 leather armour
rPois    .         Spirit   .   (no helmet)
rElec    .         Reflect  .   (no cloak)
rCorr    .         Harm     .   (no gloves)
MR       .....                  (no boots)
Stlth    ++........             (no amulet)
Regen    0.1/turn               h - +4 ring of slaying
MPRegen  0.2/turn               (no ring)

@: icy armour, slow
A: high mp 1
a: no special abilities


You were on level 2 of the Dungeon.
You were hungry.

You visited 1 branch of the dungeon, and saw 2 of its levels.

You collected 81 gold pieces.

Inventory:

Hand Weapons
 i - a +0 short sword
 l - a +1 dagger of venom
 n - a +2 long sword of slicing (weapon)
Armour
 e - a +0 shield
 j - a +0 leather armour (worn)
Jewellery
 h - a +4 ring of slaying (left hand)
Scrolls
 d - 2 scrolls of identify {unknown}
 g - 2 scrolls of amnesia {unknown}
Potions
 a - a potion of curing {unknown}
 f - a potion of brilliance {unknown}
 m - a potion of magic {unknown}
Books
 b - a book of Frost

   Spells                             Type                      Level
   a - Freeze                         Ice                          1
   b - Throw Frost                    Conjuration/Ice              2
   c - Ozocubu's Armour               Charms/Ice                   3
   d - Throw Icicle                   Conjuration/Ice              4
   e - Summon Ice Beast               Ice/Summoning                4
Comestibles
 c - a bread ration
 k - 5 chunks of flesh


   Skills:
 + Level 0.1 Fighting
 + Level 0.3 Armour
 - Level 2.0 Dodging
 - Level 1.7 Stealth
 * Level 1.1 Shields
 + Level 2.1 Spellcasting
   Level 0.8 Conjurations
 + Level 3.4 Ice Magic


You had 2 spell levels left.
You knew the following spells:

 Your Spells              Type           Power        Failure   Level  Hunger
a - Freeze                Ice            ###.         4%          1    #......
b - Ozocubu's Armour      Chrm/Ice       #.......     28%         3    ###....


Dungeon Overview and Level Annotations

Branches:
Dungeon (2/15)

Annotations:
D:2 Sigmund


Innate Abilities, Weirdness & Mutations

You have an increased reservoir of magic. (+10% MP)


Message History

Sigmund draws strength from your wounds!
You hit Sigmund.
Sigmund is heavily wounded.
Casting: Ozocubu's Armour
Confirm with . or Enter, or press ? or * to list all spells.
Aiming: Freeze
Press: ? - help, Shift-Dir - straight line, f - Sigmund
Aim: Sigmund, wielding a vampiric scythe and wearing a robe (heavily wounded)
You freeze Sigmund.
Sigmund is severely wounded.
Sigmund gestures wildly while chanting.
Sigmund flickers and vanishes!
Deactivating autopickup; reactivate with Ctrl-A.
Casting: Freeze
Confirm with . or Enter, or press ? or * to list all spells.
You can't see any susceptible monsters within range! (Use Z to cast anyway.) Unknown command.
Something hits you!
Ouch! That really hurt!
You die...

#. .# #. .# #. .. #. .#
#.# #. .# #.# #. .# #..
#{#.# #.# #!..# #.#
######.@## #<# ........#
#.# .######.# #.#########
#.######.#........
#.................
##..##.##.#.#รท.....
#.#.......#.#......
..######..##.####.#......
..........#...###.#......


There were no monsters in sight!

Vanquished Creatures
  An adder (D:2)
  3 dart slugs
  2 leopard geckos
  6 goblins (D:1)
  4 hobgoblins (D:1)
  2 jackals (D:2)
  A ball python (D:1)
  9 bats
  A frilled lizard (D:1)
  3 kobolds
  8 rats
40 creatures vanquished.

Notes
Turn   | Place    | Note
-------+----------+-------------------------------------------
     0 | D:1      | Inarius the Demigod Ice Elementalist began the quest for the Orb.
     0 | D:1      | Reached XP level 1. HP: 14/14 MP: 5/5
   186 | D:1      | Reached skill level 3 in Ice Magic
   186 | D:1      | Reached XP level 2. HP: 20/20 MP: 7/7
   718 | D:1      | Reached XP level 3. HP: 20/26 MP: 8/8
   966 | D:2      | Reached skill level 1 in Shields
   977 | D:2      | Learned a level 3 spell: Ozocubu's Armour
   983 | D:2      | Found a stormy altar of Qazlal.
  1268 | D:2      | Noticed Sigmund
  1285 | D:2      | Slain by Sigmund

Skill      XL: |  1  2  3 |
---------------+----------+-----
Dodging        | 2 |  2.0
Spellcasting   | 2 |  2.1
Ice Magic      | 3 |  3.4
Shields        | 1 |  1.1
Fighting       | |  0.1
Armour         | |  0.3
Stealth        | |  1.7
Conjurations   | |  0.8

Action                   || total
-------------------------++-------
Melee: Short sword       ||    62
       Unarmed           ||     5
       Dagger            ||    24
       Long sword        ||     6
 Cast: Freeze            ||    11
       Ozocubu's Armour  ||     2
 Stab: Sleeping          ||     8
  Eat: Chunk             ||     1
Armor: Robe              ||     6
       Leather armour    ||    22
Dodge: Dodged            ||    74
       Rpst.: Long sword ||     1
